 Dungeon Crawl Stone Soup version 0.29-a0-802-g34511f41fd (webtiles) character file.

Game seed: 9354208457555371595

80165 Snarg the Bewitcher (level 15, -5/72 HPs)
             Began as a Spriggan Arcane Marksman on June 24, 2022.
             Was the Champion of Dithmenos.
             Succumbed to a wolf spider's poison
             ... on level 3 of the Lair of Beasts on July 3, 2022.
             The game lasted 04:40:08 (44012 turns).

Snarg the Bewitcher (Spriggan Arcane Marksman)     Turns: 44012, Time: 04:40:09

Health: -5/72      AC:  7    Str:  6    XL:     15   Next: 23%
Magic:  37/37      EV: 26    Int: 19    God:    Dithmenos [******]
Gold:   1883       SH:  0    Dex: 19    Spells: 2/30 levels left

rFire   + . .      SeeInvis +   a - +2 shortbow (vorpal)
rCold   + . .      Faith    .   (shield currently unavailable)
rNeg    . . .      Spirit   .   t - +3 troll leather armour
rPois   .          Reflect  .   (helmet restricted)
rElec   .          Harm     .   p - scarf {rC+ rF+}
rCorr   .          Rampage  .   (gloves unavailable)
Will    ++...                   (boots unavailable)
Stlth   +++++++...              (no amulet)
HPRegen 1.02/turn               R - ring of flight
MPRegen 0.25/turn               u - ring of magical power

@: lethally poisoned (-5 -> -42), spiked, flying, wreathed by umbra, very quick
A: very small, no large weapons, unfitting armour, see invisible, speed 3
a: Renounce Religion, Shadow Step, Shadow Form


You were on level 3 of the Lair of Beasts.
You worshipped Dithmenos.
Dithmenos was exalted by your worship.
You visited 6 branches of the dungeon, and saw 23 of its levels.

You collected 2567 gold pieces.
You spent 684 gold pieces at shops.

Inventory:

Hand Weapons
 a - a +2 vorpal shortbow (weapon)
 b - a +2 short sword of venom
 s - a +2 dagger of venom
 v - a +0 sling of flaming
 A - a +1 hand crossbow
Missiles
 g - 3 boomerangs of dispersal
 r - 37 poisoned darts
 x - 11 atropa-tipped darts
 z - 38 boomerangs
 V - 6 curare-tipped darts
Armour
 p - a scarf of resistance (worn)
 t - a +3 troll leather armour (worn)
Jewellery
 u - a ring of magical power (right hand)
 B - a ring of wizardry
 C - a ring of fire
 R - a ring of flight (left hand)
 T - a ring of resist corrosion
Wands
 i - a wand of flame (54)
 o - a wand of mindburst (11)
 q - a wand of polymorph (5)
 w - a wand of paralysis (14)
 E - a wand of digging (1)
 K - a wand of light (6)
Scrolls
 c - 2 scrolls of vulnerability
 h - 3 scrolls of immolation
 k - 5 scrolls of teleportation
 I - a scroll of poison
 L - 3 scrolls of blinking
 N - 2 scrolls of magic mapping
 P - 2 scrolls of fear
 X - a scroll of fog
Potions
 d - 7 potions of brilliance
 e - 5 potions of haste
 f - 3 potions of lignification
 j - a potion of cancellation {unknown}
 l - 2 potions of heal wounds
 m - 2 potions of resistance
 n - 4 potions of attraction
 F - 3 potions of invisibility
 G - 6 potions of curing
 H - 3 potions of flight
 O - 3 potions of might
 W - 3 potions of ambrosia


   Skills:
 + Level 5.0 Fighting
 + Level 4.1 Short Blades
 - Level 14.0 Ranged Weapons
 - Level 1.0 Throwing
 * Level 4.2 Armour
 + Level 13.8 Dodging
 + Level 7.6 Stealth
 - Level 8.0 Spellcasting
 - Level 18.0 Hexes
 + Level 6.0 Translocations
 * Level 3.1 Transmutations
 - Level 2.0 Fire Magic
 - Level 3.0 Ice Magic
 + Level 6.0 Invocations
 + Level 3.3 Evocations


You had 2 spell levels left.
You knew the following spells:

 Your Spells              Type           Power      Damage    Failure   Level
a - Slow                  Hex            100%       N/A       0%          1
b - Inner Flame           Hex/Fire       45%        N/A       1%          3
c - Portal Projectile     Hex/Tloc       100%       N/A       1%          3
d - Cause Fear            Hex            33%        N/A       1%          4
e - Metabolic Englaciati  Hex/Ice        23%        N/A       4%          5
f - Tukima's Dance        Hex            66%        N/A       1%          3
g - Passage of Golubria   Tloc           30%        N/A       12%         4
h - Yara's Violent Unrav  Hex/Tmut       23%        3d10      4%          5

Your spell library contained the following spells:

 Spells                   Type           Power      Damage    Failure   Level
 Beastly Appendage        Tmut           38%        N/A       3%          1
 Wereblood                Tmut           19%        N/A       6%          2
 Magic Dart               Conj           28%        1d4       14%         1
 Call Imp                 Summ           7%         N/A       21%         2
 Ignite Poison            Fire/Tmut/Pois 14%        N/A       21%         3
 Spider Form              Tmut/Pois      13%        N/A       22%         3
 Conjure Flame            Conj/Fire      11%        6-21      26%         3
 Mephitic Cloud           Conj/Pois/Air  7%         N/A       38%         3
 Stone Arrow              Conj/Erth      14%        3d7       38%         3
 Petrify                  Tmut/Erth      13%        N/A       58%         4
 Sticky Flame             Conj/Fire      11%        2d3       65%         4
 Blade Hands              Tmut           9%         N/A       71%         5
 Animate Armour           Summ/Erth      14%        N/A       80%         4
 Irradiate                Conj/Tmut      6%         3d15      90%         5
 Statue Form              Tmut/Erth      8%         N/A       100%        6
 Dragon Form              Tmut           9%         N/A       100%        7
 Lehudib's Crystal Spear  Conj/Erth      3%         10d3      100%        8


Dungeon Overview and Level Annotations

Branches:
Dungeon (12/15)            Temple (1/1) D:5            Lair (6/6) D:8
 Shoals (1/4) Lair:3       Spider (1/4) Lair:3        Slime (0/5) Lair:5
    Orc (2/2) D:12            Elf (0/3) Orc:2

Altars:
Ashenzari
Cheibriados
Dithmenos
Elyvilon
Fedhas
Gozag
Hepliaklqana
Kikubaaqudgha
Makhleb
Nemelex Xobeh
Okawaru
Qazlal
Ru
Sif Muna
Trog
Uskayaw
Vehumet
Wu Jian
Xom
Yredelemnul
Zin
The Shining One
Jiyva

Shops:
D:2 =   D:11 *   Orc:2 !(?(   Shoals:1 [

Annotations:
D:1 clr
D:2 clr
D:3 clr
D:4 clr
D:5 xlr
D:6 clt
D:7 clr
D:8 clr
D:10 clr
Lair:1 clr
Lair:2 exclusions: hydra, orange demon and water moccasin, Amaemon
Lair:3 clr
Lair:4 death yaks, cl, 1 runed translucent door, pigah's ghost, journeyman OpAE
Lair:5 quicksilver ooze/ vault, 1 exclusion
Lair:6 exclusion: oklob plant
Shoals:1 Nikola!, exclusion: merfolk aquamancer, Nikola
Orc:1 clr
Orc:2 clr


Innate Abilities, Weirdness & Mutations

You are very small and have problems with some larger weapons.
You are too small for most types of armour.
You have supernaturally acute eyesight. (SInv)
You cover ground extremely quickly. (Speed+++)


Message History

Here: Nikola, wielding a +1 rapier of electrocution, wearing a +2 cloak of poison resistance and wearing a +0 pair of gloves of stealth (wandering, hasn't noticed you, umbra) Some shallow water.
Unknown command.
Unknown command.
You see here a +4 long sword of freezing.
You see here a +0 trident.
There is a staircase back to the Lair here.
Annotate which branch? (. - Shoals:1, ? - help, ! - show branch list) New annotation for Shoals:1 (include '!' for warning): Nikola!
There is a staircase back to the Lair here.
You can't go down here!
You fly upwards.
Welcome back to the Lair of Beasts!
Level annotation: clr
There is a staircase to the Shoals, spattered with blood here.
(D) Dungeon (T) Temple (L) Lair (A) Shoals (N) Spider Nest (M) Slime Pits (O) Orcish Mines (E) Elven Halls
Where to? (* - list waypoints, Enter - Shoals:1 @ (x,y), ? - help)
What level of the Spider Nest? (default 1, ? - help)
There is a hole to the Spider Nest here.
You fly downwards.
Welcome back to the Spider Nest!
This branch contains the gossamer rune of Zot.
The wolf spider closely misses you. The wolf spider bites you.
You are poisoned.
The wolf spider poisons you! The wolf spider hits you!
The wolf spider bites you.
You are more poisoned.
The wolf spider poisons you!
There is a crawl-hole back to the Lair, spattered with blood here.
Unknown command.
Unknown command.
You emit a cloud of dark smoke.
You feel extremely sick.
The wolf spider barely misses you. x2; The steelbarb worm hits you!!
* * * LOW HITPOINT WARNING * * *
Barbed spikes become lodged in your body.
The barbed spikes dig painfully into your body as you move.
* * * LOW HITPOINT WARNING * * *
You fly upwards.
Welcome back to the Lair of Beasts!
Level annotation: clr You die...

.................................
.................................
.......[...........#.###.#.......
#####.##.#..........## ####......
.# #####...........## #...... ##
##.........#.# ##...... #
#P.........### ##....... ##
#........s.######.......# .#
##.....w@................ .#
##................#.....# .#
#.......................# .#
##....#P.#####....#.....# #####
##...##### #.....#.#...
#.#.#####.....# ##...........
.............########............
.............###.................
.......[....[##..................


You could see a steelbarb worm and a wolf spider.

Vanquished Creatures
  Nessos (Orc:2)
  A boulder beetle (Lair:4)
  8 hydras
  2 merfolk avatars (Shoals:1)
  2 centaur warriors (Orc:2)
  4 two-headed ogres
  Erica (D:8)
  9 death yaks
  Sonja (D:12)
  Lodul (D:10)
  2 goliath frogs
  3 orc knights
  2 manticores (D:12)
  An ugly thing (D:11)
  10 elephants
  A cyclops (D:11)
  6 black mambas
  20 cane toads
  A merfolk siren (Lair:3)
  A gargoyle (D:12)
  2 torpor snails
  3 kobold demonologists
  A rime drake (Lair:3)
  15 komodo dragons
  A tengu conjurer (D:11)
  A burning bush (Lair:1)
  6 polar bears
  3 merfolk
  8 trolls
  2 hornets
  3 tyrant leeches (Lair:6)
  21 blink frogs
  A snapping turtle (Lair:3)
  10 dream sheep
  A culicivora (Spider:1)
  A shadow (D:10)
  A vampire (D:11)
  A water elemental (Shoals:1)
  4 wraiths
  2 dancing weapons
  5 basilisks
  3 wyverns
  73 yaks
  6 vampire mosquitoes
  A redback (Spider:1)
  Grum (D:8)
  An acid dragon (D:12)
  5 wargs
  14 water moccasins
  26 orc warriors
  A sky beast (D:7)
  8 black bears
  3 ice beasts
  11 centaurs
  22 wolves
  8 ogres
  4 kobold brigands
  19 bullfrogs
  A gnoll sergeant (Orc:1)
  5 scorpions
  11 wights
  12 killer bees
  A howler monkey (D:10)
  3 electric eels
  2 hounds
  2 gnoll boudas
  7 jellies
  19 orc priests
  5 iguanas
  34 orc wizards
  17 adders
  14 gnolls
  6 shadow imps (D:7)
  A white imp (D:7)
  3 ufetubi
  A worm (D:3)
  4 dart slugs
  71 orcs
  4 ball pythons
  12 endoplasms
  2 giant cockroaches
  7 quokkas
  5 bats
  A frilled lizard (D:3)
  4 goblins
  38 kobolds
  11 rats
678 creatures vanquished.

Vanquished Creatures (collateral kills)
  Urug (D:10)
  A merfolk siren (Shoals:1)
  A merfolk (Shoals:1)
  13 orc warriors
  An ogre (D:10)
  2 centaurs (Orc:2)
  3 orc priests
  4 orc wizards
  17 orcs
43 creatures vanquished.

Vanquished Creatures (others)
  19 dancing weapons
  A water moccasin (D:5)
  An orc wizard (Orc:1)
  An orc (D:12)
  55 fungi
  201 plants
278 creatures vanquished.

Grand Total: 999 creatures vanquished

Notes
Turn   | Place    | Note
-------+----------+-------------------------------------------
     0 | D:1      | Snarg the Spriggan Arcane Marksman began the quest for the
                  | Orb.
     0 | D:1      | Reached XP level 1. HP: 9/9 MP: 3/3
   475 | D:1      | Reached XP level 2. HP: 14/14 MP: 5/5
   726 | D:2      | Reached skill level 4 in Hexes
   781 | D:2      | Reached skill level 1 in Fighting
   781 | D:2      | Reached XP level 3. HP: 18/18 MP: 3/6
  1158 | D:2      | Found Topoed's Jewellery Shop.
  1318 | D:2      | Reached XP level 4. HP: 22/22 MP: 5/7
  2056 | D:3      | Reached skill level 1 in Stealth
  2214 | D:3      | Learned a level 3 spell: Inner Flame
  2218 | D:3      | Learned a level 3 spell: Portal Projectile
  2229 | D:3      | Noticed a scorpion
  2244 | D:3      | Killed a scorpion
  2245 | D:3      | Reached skill level 5 in Ranged Weapons
  2245 | D:3      | Reached XP level 5. HP: 25/25 MP: 9/9
  2305 | D:3      | Reached skill level 1 in Translocations
  2866 | D:3      | Reached XP level 6. HP: 26/30 MP: 10/10
  2885 | D:4      | Reached skill level 1 in Fire Magic
  4087 | D:4      | Found a bloodstained altar of Trog.
  4105 | D:4      | Reached skill level 1 in Evocations
  4105 | D:4      | Reached XP level 7. HP: 29/33 MP: 11/11
  4228 | D:5      | Entered Level 5 of the Dungeon
  4233 | D:5      | Reached skill level 5 in Hexes
  4558 | D:5      | Found a staircase to the Ecumenical Temple.
  4568 | Temple   | Entered the Ecumenical Temple
  4595 | Temple   | Upgraded the game from 0.29-a0-668-g12ee2bf84d to
                  | 0.29-a0-676-ga64570c9d2
  4597 | Temple   | Became a worshipper of Dithmenos the Shadowed
  4961 | D:5      | Upgraded the game from 0.29-a0-676-ga64570c9d2 to
                  | 0.29-a0-700-g2f1814c7b2
  5162 | D:5      | Reached skill level 6 in Hexes
  5316 | D:5      | Reached XP level 8. HP: 6/37 MP: 12/12
  5732 | D:5      | Reached skill level 1 in Short Blades
  6347 | D:5      | Reached * piety under Dithmenos
  7637 | D:6      | Learned a level 4 spell: Cause Fear
  7852 | D:6      | Reached skill level 7 in Hexes
  9365 | D:7      | Found a radiant altar of Vehumet.
  9370 | D:7      | Reached XP level 9. HP: 43/43 MP: 13/13
  9606 | D:7      | Reached skill level 10 in Ranged Weapons
  9612 | D:7      | Found a transporter.
 10022 | D:7      | Found a transporter.
 10060 | D:7      | Noticed a kobold demonologist
 10082 | D:7      | Reached skill level 8 in Hexes
 10096 | D:7      | Noticed a troll
 10110 | D:7      | Killed a troll
 10110 | D:7      | Reached ** piety under Dithmenos
 10255 | D:7      | Noticed a kobold demonologist
 10590 | D:7      | Reached skill level 9 in Hexes
 10599 | D:7      | Found a snail-covered altar of Cheibriados.
 11127 | D:8      | Noticed a two-headed ogre
 11482 | D:8      | Noticed Grum
 11488 | D:8      | Killed Grum
 11489 | D:8      | Reached skill level 10 in Hexes
 12322 | D:8      | Upgraded the game from 0.29-a0-700-g2f1814c7b2 to
                  | 0.29-a0-717-g6dac4ea423
 12370 | D:8      | Killed a two-headed ogre
 12371 | D:8      | Reached skill level 5 in Dodging
 12371 | D:8      | Reached skill level 11 in Hexes
 12371 | D:8      | Reached XP level 10. HP: 49/49 MP: 9/15
 12711 | D:8      | Found a staircase to the Lair.
 12714 | D:8      | Noticed an elephant
 12824 | D:8      | Killed an elephant
 13173 | D:8      | Found a stormy altar of Qazlal.
 13173 | D:8      | Found a hide-covered altar of Uskayaw.
 13264 | D:8      | Noticed Erica
 13739 | D:8      | Reached skill level 1 in Throwing
 13745 | Lair:1   | Entered Level 1 of the Lair of Beasts
 14194 | D:9      | Reached skill level 1 in Invocations
 15518 | Lair:1   | Reached skill level 12 in Hexes
 15644 | Lair:1   | Upgraded the game from 0.29-a0-717-g6dac4ea423 to
                  | 0.29-a0-732-g3d7fbe0af2
 16063 | Lair:1   | Reached XP level 11. HP: 52/52 MP: 18/18
 16090 | Lair:1   | Reached *** piety under Dithmenos
 16102 | Lair:1   | Learned a level 5 spell: Metabolic Englaciation
 16534 | Lair:1   | Noticed a five-headed hydra
 16625 | Lair:1   | Reached skill level 5 in Spellcasting
 16625 | Lair:1   | Reached skill level 1 in Ice Magic
 17909 | Lair:1   | Killed a five-headed hydra
 17910 | Lair:1   | Reached skill level 13 in Hexes
 18130 | Lair:2   | Upgraded the game from 0.29-a0-732-g3d7fbe0af2 to
                  | 0.29-a0-757-g358383bc75
 18670 | Lair:2   | Reached skill level 5 in Stealth
 19034 | Lair:2   | Noticed a six-headed hydra
 19034 | Lair:2   | Noticed Amaemon
 19797 | Lair:3   | Reached XP level 12. HP: 58/58 MP: 17/21
 19960 | Lair:3   | Found a staircase to the Shoals.
 20046 | Lair:3   | Found a hole to the Spider Nest.
 20118 | Lair:3   | Learned a level 3 spell: Tukima's Dance
 20142 | Lair:3   | Noticed a death yak
 20993 | Lair:3   | Reached skill level 14 in Hexes
 21370 | Lair:3   | Noticed a death yak
 21373 | Lair:3   | Noticed a death yak
 21508 | Lair:4   | Reached **** piety under Dithmenos
 22076 | Lair:4   | Reached skill level 15 in Ranged Weapons
 22079 | Lair:4   | Noticed a death yak
 22079 | Lair:4   | Noticed a death yak
 22179 | Lair:3   | Killed a death yak
 22272 | Lair:3   | Killed a death yak
 22288 | Lair:3   | Killed a death yak
 23078 | D:8      | Killed Erica
 23386 | D:9      | Reached skill level 10 in Dodging
 23636 | D:10     | Entered Level 10 of the Dungeon
 23771 | Lair:4   | Noticed a death yak
 23913 | Lair:4   | Noticed a death yak
 23916 | Lair:4   | Noticed a death yak
 23916 | Lair:4   | Noticed a death yak
 23986 | Lair:3   | Killed a death yak
 24234 | Lair:4   | Found a runed translucent door.
 24234 | Lair:4   | Found a shimmering altar of Xom.
 24234 | Lair:4   | Noticed pigah's ghost (journeyman OpAE)
 24235 | Lair:4   | Upgraded the game from 0.29-a0-757-g358383bc75 to
                  | 0.29-a0-775-g4d7333d4e2
 24275 | Lair:4   | Noticed a boulder beetle
 24323 | Lair:4   | Killed a boulder beetle
 24462 | Lair:4   | Reached XP level 13. HP: 61/61 MP: 16/23
 25365 | Lair:5   | Learned a level 4 spell: Passage of Golubria
 25564 | Lair:5   | Reached ***** piety under Dithmenos
 26085 | Lair:5   | Reached skill level 5 in Translocations
 26604 | Lair:5   | Found a staircase to the Slime Pits.
 26623 | Lair:5   | Found a viscous altar of Jiyva.
 26786 | Lair:5   | Noticed a quicksilver ooze
 27181 | Lair:6   | Entered Level 6 of the Lair of Beasts
 28764 | Lair:5   | Reached skill level 15 in Hexes
 29063 | Lair:6   | Reached skill level 5 in Invocations
 30314 | Lair:6   | Reached XP level 14. HP: 67/67 MP: 8/24
 30814 | D:10     | Noticed Lodul
 30821 | D:10     | Killed Lodul
 30990 | D:10     | Reached skill level 5 in Fighting
 31033 | D:10     | Found a shimmering altar of Xom.
 31034 | D:10     | Found a shimmering altar of Xom.
 31067 | D:10     | Found a shimmering altar of Xom.
 31069 | D:10     | Found a shimmering altar of Xom.
 31069 | D:10     | Found a shimmering altar of Xom.
 31072 | D:10     | Found a shimmering altar of Xom.
 31072 | D:10     | Found a shimmering altar of Xom.
 31093 | D:10     | Noticed Urug
 31111 | D:10     | Killed Urug
 31257 | D:10     | Found a burning altar of Makhleb.
 31718 | Lair:3   | Reached skill level 1 in Armour
 31718 | Lair:3   | Reached skill level 16 in Hexes
 31786 | Lair:4   | HP: 2/68 [death yak[a torpor snail] (21)]
 33462 | Lair:6   | Reached ****** piety under Dithmenos
 33831 | Lair:6   | Reached skill level 17 in Hexes
 33890 | Lair:6   | Upgraded the game from 0.29-a0-775-g4d7333d4e2 to
                  | 0.29-a0-789-g7a8fcbc185
 34491 | Shoals:1 | Entered Level 1 of the Shoals
 34561 | Shoals:1 | Found Josuefet's Antique Armour Shop.
 34785 | Spider:1 | Entered Level 1 of the Spider Nest
 35016 | D:11     | Identified the +1 ring mail of the Fiend {rPois rC+ Will++
                  | Int-3}
 35290 | D:11     | Found Pyvo's Island Escapes.
 35526 | D:11     | Identified the +5 hand axe of Ytselael {venom, Stlth+}
 36603 | D:11     | Bought a scroll of blinking for 90 gold pieces
 36603 | D:11     | Bought a potion of haste for 120 gold pieces
 36603 | D:11     | Bought a scroll of fog for 24 gold pieces
 37445 | D:11     | Identified a scroll of acquirement
 37804 | D:12     | Found a staircase to the Orcish Mines.
 38045 | Orc:1    | Entered Level 1 of the Orcish Mines
 38758 | Lair:1   | Acquired the +15 storm dragon scales "Xeonyen" {rElec
                  | Regen+ Str+3}
 39223 | Orc:2    | Entered Level 2 of the Orcish Mines
 39223 | Orc:2    | Found a staircase to the Elven Halls.
 39339 | Orc:2    | Noticed Nessos
 39900 | D:12     | Noticed Sonja
 39908 | D:12     | Killed Sonja
 40220 | D:12     | Reached XP level 15. HP: 72/72 MP: 4/26
 40380 | D:12     | Upgraded the game from 0.29-a0-789-g7a8fcbc185 to
                  | 0.29-a0-802-g34511f41fd
 41006 | Orc:2    | Killed Nessos
 41036 | Orc:2    | Learned a level 5 spell: Yara's Violent Unravelling
 41891 | Orc:2    | Reached skill level 1 in Transmutations
 42147 | Orc:2    | Reached skill level 18 in Hexes
 42942 | Orc:2    | Found Navojus's Weapon Shoppe.
 42942 | Orc:2    | Found Ycilokeb's Magic Scroll Boutique.
 42944 | Orc:2    | Found Pyklu's Weapon Shop.
 42946 | Orc:2    | Found Achayli's Distillery.
 42959 | Orc:2    | Bought a scroll of identify for 24 gold pieces
 42959 | Orc:2    | Bought a scroll of identify for 24 gold pieces
 42967 | Orc:2    | Bought a scroll of blinking for 90 gold pieces
 42967 | Orc:2    | Bought 3 scrolls of enchant armour for 270 gold pieces
 42967 | Orc:2    | Bought a scroll of poison for 42 gold pieces
 43967 | Shoals:1 | Noticed Nikola
 44012 | Lair:3   | Succumbed to a wolf spider's poison

Illustrated notes

Levels and vault maps discovered:
D:1:      wander_arrival_estate, layout_loops_ring
D:2:      layout_basic, serial_shops, shop_statue, minmay_misc_feat_more_columns
D:3:      cheibrodos_pilgrimage, layout_basic, glass_columns_b
D:4:      layout_rooms, trog_butcher_becter, kennysheep_flooded_box,
          serial_park_tiny_pond
D:5:      kennysheep_kobold_camp, layout_basic, minmay_temple_entry_trees
D:6:      layout_layer_cave, minmay_a_box_with_orc_wizards_in_it
D:7:      gammafunk_wand_slinger, layout_basic, lemuel_coloured_pillars_altar,
          vehumet_altar_wand_db, minmay_three_doors
D:8:      layout_basic, gammafunk_temple_overflow_statue, david_lair_generic,
          uniq_grum, uniq_erica
D:9:      layout_rooms, kennysheep_generic_room_13
D:10:     layout_long_grid, mainiacjoe_overflow_alcove_1, xom_shifter_show,
          uniq_urug, uniq_lodul
D:11:     layout_layer_cave, grunt_decor_junction, nicolae_island_escapes
D:12:     layout_long_grid, orc_0_dummy, uniq_sonja
Temple:   minmay_freezing_vapour_temple
Lair:1:   layout_hall_layers, minivault_11, evilmike_ambush
          [evilmike_ambush_outer_basic, evilmike_ambush_inner_cross],
          lemuel_fruit_fields, lemuel_fruit_tree
Lair:2:   layout_chaotic_city, chequers_serial_rivers_micro_a,
          lemuel_fruit_fields, infiniplex_staircase_pool, grunt_megastairs_3,
          uniq_amaemon
Lair:3:   layout_chaotic_city, minmay_shoals_entry_lonely_mermaid,
          dummy_spider_entry, grunt_megastairs_4
Lair:4:   layout_hall_layers, ebering_ghost_xom, gammafunk_lair_bear_cave
Lair:5:   layout_cellular_growth, nicolae_slime_entry_slimehenge,
          nicolae_lair_time_for_slime
Lair:6:   minmay_lair_end_frog_pond, layout_gridlike, minmay_lair_oklob_bushes
Shoals:1: layout_shoals, serial_shops, nicolae_take_the_stairs,
          nicolae_shop_waterfront, shop, nicolae_shoals_this_corrosion,
          uniq_nikola
Spider:1: layout_spider_delve, uniq_frances, uniq_louise
Orc:1:    layout_caves
Orc:2:    st_orc_rangers, layout_diamond_mine, basic_altar, nooodl_orcs_dogs,
          uniq_nessos

Skill      XL: |  1  2  3  4  5  6  7  8  9 10 11 12 13 14 15 |
---------------+----------------------------------------------+-----
Dodging        | 3 5 6 7 10 13 | 13.8
Ranged Weapons | 3 4 5 6 7 8 9 10 12 13 16 14 | 14.0
Hexes          | 4 6 7 11 12 13 14 15 17 18 | 18.0
Fighting       | 1 2 3 4 5 |  5.0
Spellcasting   | 2 3 4 5 6 7 8 |  8.0
Stealth        | 1 2 3 4 5 7 |  7.6
Translocations | 1 2 3 4 5 6 |  6.0
Fire Magic     | 1 2 |  2.0
Evocations     | 1 2 3 |  3.3
Short Blades   | 1 2 3 4 |  4.1
Throwing       | 1 |  1.0
Invocations    | 2 3 5 6 |  6.0
Ice Magic      | 3 |  3.0
Armour         | 3 4 |  4.2
Transmutations | 3 |  3.1

Action                   |  1- 3 |  4- 6 |  7- 9 | 10-12 | 13-15 || total
-------------------------+-------+-------+-------+-------+-------++-------
Melee: Short sword       |       |     2 |       |       |    42 ||    44
       Dagger            |       |       |   106 |    92 |   101 ||   299
       Punch             |       |       |     3 |     1 |     4 ||     8
 Fire: Shortbow          |    76 |   213 |   468 |    86 |   129 ||   972
       Hand crossbow     |       |       |       |   596 |  1032 ||  1628
       Sling             |       |       |       |     3 |     8 ||    11
Throw: Dart              |       |     2 |       |    11 |       ||    13
       Stone             |       |       |     1 |       |       ||     1
       Boomerang         |       |       |       |     1 |     1 ||     2
 Cast: Slow              |    14 |    44 |   120 |   153 |    51 ||   382
       Inner Flame       |       |       |    23 |    27 |    18 ||    68
       Portal Projectile |       |       |    29 |    68 |   124 ||   221
       Cause Fear        |       |       |     1 |    10 |    28 ||    39
       Metabolic Englaci |       |       |       |    10 |    59 ||    69
       Tukima's Dance    |       |       |       |     2 |   135 ||   137
       Passage of Golubr |       |       |       |       |     1 ||     1
Invok: Shadow Step       |       |       |       |     1 |     3 ||     4
Evoke: Wand              |       |       |     6 |    14 |    24 ||    44
  Use: Scroll            |       |     6 |     6 |     6 |    12 ||    30
       Potion            |       |       |       |     3 |     2 ||     5
 Stab: Paralysed         |       |       |     2 |       |       ||     2
       Sleeping          |       |       |       |     3 |    10 ||    13
Armor: Robe              |     2 |     4 |    10 |     9 |     6 ||    31
       Troll leather arm |       |       |       |       |    19 ||    19
Dodge: Dodged            |    17 |    56 |   108 |   218 |   448 ||   847

Table legend: (Time is in decaauts)
 A = Elapsed time spent in this place.
 B = Non-inter-level travel time spent in this place.
 C = Inter-level travel time spent in this place.
 D = Time resting spent in this place.
 E = Time spent auto-exploring this place.
 F = Levels seen in this place.
 G = Mean time per level.
                   A        B        C        D        E       F      G
               +--------+--------+--------+--------+--------+-----+--------+
         Total |  34916 |  30719 |   4197 |  11308 |  11118 |  23 | 1518.1 |
       Dungeon |  17597 |  15664 |   1933 |   5321 |   6623 |  12 | 1466.4 |
        Temple |     23 |     21 |      2 |      0 |      7 |   1 |   23.0 |
          Lair |  13658 |  11545 |   2113 |   4565 |   3624 |   6 | 2276.3 |
        Shoals |    383 |    349 |     34 |     61 |      0 |   1 |  383.0 |
   Spider Nest |     22 |     22 |      0 |      0 |      0 |   1 |   22.0 |
  Orcish Mines |   3232 |   3119 |    113 |   1359 |    863 |   2 | 1616.0 |
               +--------+--------+--------+--------+--------+-----+--------+

Top non-repeatable levels by time:
  Lair:5: 3278 daAuts
  Lair:3: 2739 daAuts
     D:7: 2649 daAuts
     D:8: 2511 daAuts
  Lair:4: 2121 daAuts
     D:6: 2110 daAuts
  Lair:1: 2088 daAuts
     D:5: 1889 daAuts
  Lair:6: 1846 daAuts
     D:3: 1652 daAuts
   Orc:1: 1625 daAuts
   Orc:2: 1607 daAuts
  Lair:2: 1583 daAuts
    D:12: 1452 daAuts
     D:9: 1282 daAuts
